Marlies vs Admirals

Created - February 20, 2022 at 21:25

Goals
1 2 3 T
Marlies 1 1 2 4
Admirals 0 1 0 1
Shots
1 2 3 T
Marlies 9 2 15 26
Admirals 7 11 6 24

1st period

1. Marlies , Colton Sissons 5 (JT Compher 14, Pavel Zacha 21) at 1:53

Penalties :
Henri Ikonen (Tor) for Elbowing (Minor) at 6:32, Tyler Benson (Tor) for Hooking (Minor) at 18:26

2nd period

2. Marlies , Henri Ikonen 1 (Mathieu Olivier 4, Haydn Fleury 6) at 0:52
3. Admirals , Blake Geoffrion 12 (Markus Granlund 18) at 3:16 (PP)

Penalties :
Nicholas Baptiste (Tor) for High sticking (Minor) at 1:56, Andreas Englund (Mil) for Holding (Minor) at 5:58, Colton Sissons (Tor) for Unsportsmanlike conduct (Minor) at 12:54, Nicolas Kerdiles (Mil) for High sticking (Minor) at 16:22

3rd period

4. Marlies , JT Compher 11 (Colton Sissons 10, Linden Vey 16) at 6:07
5. Marlies , Neal Pionk 4 (Nicholas Baptiste 17, Shane Prince 6) at 7:43 (PP)

Penalties :
Kasper Bjorkqvist (Mil) for Holding Stick (Minor) at 7:27, Blake Geoffrion (Mil) for Hooking (Minor) at 16:12

Goalie Stats

Charlie Lindgren (Tor), 23 saves from 24 shots - (0.958), W, 8-5-1, 60:00 minutes
Felix Sanstrom (Mil), 11 saves from 11 shots - (1.000), 12:17 minutes
Tristan Jarry (Mil), 11 saves from 15 shots - (0.733), L, 5-10-3, 47:43 minutes

Players Stats for Marlies

Player Name              G  A  P  +/- PIM S  H  SB GA TA FO     MP     PP MP  PK MP  
------------------------------------------------------------------------------------
Aleksi Saarela           0  0  0   0  0   0  0  0  1  1  0/1    12:41   2:25   0:53 
Brett Pesce              0  0  0   0  0   1  0  4  0  1  0/0    20:53   4:19   3:19 
Brycen Martin            0  0  0   0  0   0  0  0  0  0  0/0     6:17   0:00   0:00 
Colton Sissons           1  1  2   2  2   4  0  1  1  0  4/14   15:53   0:00   3:42 
Dennis Gilbert           0  0  0   0  0   0  0  0  0  0  0/0     6:17   0:00   0:00 
Haydn Fleury             0  1  1   2  0   2  4  0  2  0  0/0    20:00   0:00   3:58 
Henri Ikonen             1  0  1   1  2   2  0  0  0  0  0/0    10:20   0:00   1:00 
Jaden Lindo              0  0  0   0  0   0  0  0  0  0  0/0     0:10   0:09   0:00 
Jeff Corbett             0  0  0   1  0   0  0  1  1  0  0/0    12:50   1:54   0:00 
Johan Larsson            0  0  0   0  0   0  1  0  0  0  0/0    10:13   0:00   0:00 
JT Compher               1  1  2   2  0   3  1  2  1  2  0/0    16:16   2:25   1:39 
Linden Vey               0  1  1   0  0   1  2  1  1  0  0/0    14:53   0:00   4:38 
Lucas Carlsson           0  0  0   0  0   0  1  2  0  0  0/0    15:09   1:54   0:00 
Mathieu Olivier          0  1  1   1  0   0  0  0  0  1  0/0     9:17   0:00   0:00 
Neal Pionk               1  0  1   1  0   4  1  0  2  0  0/0    23:39   4:19   3:19 
Nicholas Baptiste        0  1  1   0  2   4  3  0  3  3  1/2    18:10   3:35   0:00 
Otto Koivula             0  0  0   0  0   0  0  0  0  0  0/1     0:45   0:00   0:45 
Pavel Zacha              0  1  1   0  0   5  2  0  1  1  13/28  20:21   3:39   1:57 
Radovan Bondra           0  0  0   0  0   0  0  0  0  0  0/0     0:00   0:00   0:00 
Shane Prince             0  1  1   2  0   0  1  0  0  0  3/3    15:54   3:39   0:00 
Tim Erixon               0  0  0   2  0   0  0  2  0  0  0/0    14:55   0:00   3:58 
Tobias Lindberg          0  0  0   0  0   0  0  0  0  0  0/0     1:15   0:13   0:00 
Tyler Benson             0  0  0   0  2   0  2  0  0  0  1/2    17:04   2:25   0:00 
Zack MacEwen             0  0  0   1  0   0  1  0  0  0  0/2     9:27   0:09   0:00 

Players Stats for Admirals

Player Name              G  A  P  +/- PIM S  H  SB GA TA FO     MP     PP MP  PK MP  
------------------------------------------------------------------------------------
Andreas Englund          0  0  0  -1  2   1  1  0  0  1  0/0    15:13   0:00   1:46 
Blake Geoffrion          1  0  1  -1  2   2  2  1  0  1  0/0    17:04   2:36   1:21 
Brett Connolly           0  0  0   0  0   0  1  0  0  0  0/0     8:23   0:07   0:00 
Carl Dahlstrom           0  0  0   0  0   1  1  0  0  0  0/0     6:34   0:00   0:49 
Christian Djoos          0  0  0  -2  0   0  0  0  0  1  0/0     9:21   0:00   0:00 
Freddie Hamilton         0  0  0   0  0   0  1  0  0  0  1/1     9:12   0:00   0:44 
Hunter Shinkaruk         0  0  0   0  0   1  1  0  0  0  0/0     9:42   0:03   0:50 
Joel Armia               0  0  0  -1  0   3  1  0  0  0  0/0    16:51   4:34   0:00 
Josh Morrissey           0  0  0   0  0   2  2  2  0  1  0/0    25:32   3:52   3:38 
Kasper Bjorkqvist        0  0  0  -2  2   1  2  0  2  0  0/0    11:42   0:07   0:00 
Lucas Wallmark           0  0  0  -2  0   0  0  0  0  2  4/6    12:37   0:00   1:02 
Mark McNeill             0  0  0   0  0   1  1  0  0  2  2/6    19:42   2:36   3:26 
Markus Granlund          0  1  1  -1  0   0  1  1  1  0  10/14  17:13   2:36   1:37 
Mattias Backman          0  0  0  -2  0   1  1  0  0  0  0/0    17:00   3:25   2:35 
Nicolas Deslauriers      0  0  0  -2  0   5  1  0  2  1  0/0    12:37   0:00   1:02 
Nicolas Kerdiles         0  0  0   0  2   1  2  1  2  1  3/3    20:33   4:38   2:24 
Olli Juolevi             0  0  0   0  0   0  0  0  0  0  0/0     5:04   0:00   0:00 
Scott Laughton           0  0  0   0  0   1  0  1  0  0  11/23  18:00   4:34   0:00 
T.J Brodie               0  0  0  -1  0   2  1  0  0  3  0/0    19:53   3:25   3:38 
Travis Dermott           0  0  0   0  0   2  1  1  2  0  0/0    21:30   3:52   0:00 

3 Stars

1 - JT Compher (Tor)
2 - Colton Sissons (Tor)
3 - Haydn Fleury (Tor)

Power Play

Marlies - 1 on 4 Attempt(s) - 25.00%
Admirals - 1 on 4 Attempt(s) - 25.00%

Penalty Kill

Marlies - 3 on 4 Attempt(s) - 75.00% - Score 0 goal in Penalty Kill
Admirals - 3 on 4 Attempt(s) - 75.00% - Score 0 goal in Penalty Kill

Team Stat

Marlies - Hits : 19 - Faceoff Wins : 22 - Blocked Shots : 13 - Penalty Minutes : 8
Admirals - Hits : 20 - Faceoff Wins : 31 - Blocked Shots : 7 - Penalty Minutes : 8

Official

Referees : Ghislain Hebert and Michael Markovic
Linesman : Jesse Marquis and Ryan Galloway

Game Notes

Felix Sanstrom enters game at 7:43 of 3rd period

Finance

Level 1 -- Attendance: 1994 (99.70%) -- Ticket Income $69,790
Level 2 -- Attendance: 865 (86.50%) -- Ticket Income $12,975
Total Attendance: 2859 (95.30%)
Total Ticket Income: $82,765
Other Income: $4,138
Total Income: $86,903

Marlies

5 vs 5 Forward 
   Center                   Left Wing                Right Wing               Time % Phy DF OF 
 1 Pavel Zacha              Tyler Benson             Nicholas Baptiste        40     1   2  2  
 2 Colton Sissons           Shane Prince             JT Compher               30     1   2  2  
 3 Aleksi Saarela           Johan Larsson            Linden Vey               20     1   2  2  
 4 Zack MacEwen             Henri Ikonen             Mathieu Olivier          10     1   2  2  

5 vs 5 Defense 
   Defense                  Defense                                           Time % Phy DF OF 
 1 Haydn Fleury             Neal Pionk                                        40     1   2  2  
 2 Lucas Carlsson           Brett Pesce                                       30     1   2  2  
 3 Jeff Corbett             Tim Erixon                                        20     1   2  2  
 4 Dennis Gilbert           Brycen Martin                                     10     1   2  2  

PowerPlay Forward 
   Center                   Left Wing                Right Wing               Time % Phy DF OF 
 1 Pavel Zacha              Shane Prince             Nicholas Baptiste        60     1   2  2  
 2 Aleksi Saarela           Tyler Benson             JT Compher               40     1   2  2  

PowerPlay Defense
   Defense                  Defense                                           Time % Phy DF OF 
 1 Neal Pionk               Brett Pesce                                       60     1   2  2  
 2 Jeff Corbett             Lucas Carlsson                                    40     1   2  2  

Penalty Kill 4 Players Forward 
   Center                   Wing                     Time % Phy DF OF 
 1 Colton Sissons           Linden Vey               60     1   2  2  
 2 Pavel Zacha              JT Compher               40     1   2  2  

Penalty Kill 4 Players Defense
   Defense                  Defense                  Time % Phy DF OF 
 1 Haydn Fleury             Tim Erixon               60     1   2  2  
 2 Neal Pionk               Brett Pesce              40     1   2  2  

Penalty Kill - 3 Players Forward 
   Forward                                           Time % Phy DF OF 
 1 Linden Vey                                        60     1   2  2  
 2 JT Compher                                        40     1   2  2  

Penalty Kill - 3 Players Defense
   Defense                  Defense                  Time % Phy DF OF 
 1 Haydn Fleury             Tim Erixon               60     1   2  2  
 2 Neal Pionk               Brett Pesce              40     1   2  2  

4 vs 4 Forward 
   Center                   Wing                     Time % Phy DF OF 
 1 Pavel Zacha              Nicholas Baptiste        60     1   2  2  
 2 Aleksi Saarela           JT Compher               40     1   2  2  

4 vs 4 Defense
   Defense                  Defense                  Time % Phy DF OF 
 1 Haydn Fleury             Tim Erixon               60     1   2  2  
 2 Neal Pionk               Brett Pesce              40     1   2  2  

Last Minutes Offensive
   Center                   Left Wing                Right Wing               Defense                  Defense                  
   Pavel Zacha              Shane Prince             Nicholas Baptiste        Neal Pionk               Brett Pesce              

Last Minutes Defensive
   Center                   Left Wing                Right Wing               Defense                  Defense                  
   Pavel Zacha              Shane Prince             Linden Vey               Haydn Fleury             Tim Erixon               

Goaltenders
Starting : Charlie Lindgren         
Backup : Malcolm Subban           

Extra Forwards
Normal : Tobias Lindberg, Zack MacEwen, Otto Koivula - PP : Tobias Lindberg, Zack MacEwen - PK : Otto Koivula
Extra Defensemen
Normal : Jeff Corbett, Lucas Carlsson, Dennis Gilbert - PP : Jeff Corbett - PK : Lucas Carlsson, Dennis Gilbert
Penalty Shots
Linden Vey, JT Compher, Nicholas Baptiste, Pavel Zacha, Neal Pionk

Scratches
Jakob Forsbacka-Karlsson (Healthy), Nick Ritchie (Head Injury), Simon Bourque (Healthy), Logan Brown (Abdominal Strain Injury), Jamie Phillips (Healthy)

Admirals

5 vs 5 Forward 
   Center                   Left Wing                Right Wing               Time % Phy DF OF 
 1 Scott Laughton           Nicolas Kerdiles         Mark McNeill             40     1   2  2  
 2 Markus Granlund          Blake Geoffrion          Joel Armia               30     1   2  2  
 3 Lucas Wallmark           Nicolas Deslauriers      Kasper Bjorkqvist        20     1   2  2  
 4 Freddie Hamilton         Hunter Shinkaruk         Brett Connolly           10     1   2  2  

5 vs 5 Defense 
   Defense                  Defense                                           Time % Phy DF OF 
 1 Josh Morrissey           Travis Dermott                                    40     1   2  2  
 2 Andreas Englund          T.J Brodie                                        30     1   2  2  
 3 Christian Djoos          Mattias Backman                                   20     1   2  2  
 4 Carl Dahlstrom           Olli Juolevi                                      10     1   2  2  

PowerPlay Forward 
   Center                   Left Wing                Right Wing               Time % Phy DF OF 
 1 Scott Laughton           Nicolas Kerdiles         Joel Armia               60     1   1  3  
 2 Markus Granlund          Blake Geoffrion          Mark McNeill             40     1   1  3  

PowerPlay Defense
   Defense                  Defense                                           Time % Phy DF OF 
 1 Josh Morrissey           Travis Dermott                                    60     1   2  2  
 2 T.J Brodie               Mattias Backman                                   40     1   2  2  

Penalty Kill 4 Players Forward 
   Center                   Wing                     Time % Phy DF OF 
 1 Mark McNeill             Nicolas Kerdiles         60     1   2  2  
 2 Lucas Wallmark           Nicolas Deslauriers      40     1   2  2  

Penalty Kill 4 Players Defense
   Defense                  Defense                  Time % Phy DF OF 
 1 Josh Morrissey           T.J Brodie               60     1   2  2  
 2 Andreas Englund          Mattias Backman          40     1   2  2  

Penalty Kill - 3 Players Forward 
   Forward                                           Time % Phy DF OF 
 1 Mark McNeill                                      60     1   2  2  
 2 Nicolas Deslauriers                               40     1   2  2  

Penalty Kill - 3 Players Defense
   Defense                  Defense                  Time % Phy DF OF 
 1 Josh Morrissey           Christian Djoos          60     1   2  2  
 2 T.J Brodie               Mattias Backman          40     1   2  2  

4 vs 4 Forward 
   Center                   Wing                     Time % Phy DF OF 
 1 Scott Laughton           Nicolas Kerdiles         60     1   2  2  
 2 Mark McNeill             Joel Armia               40     1   2  2  

4 vs 4 Defense
   Defense                  Defense                  Time % Phy DF OF 
 1 Josh Morrissey           T.J Brodie               60     1   2  2  
 2 Mattias Backman          Travis Dermott           40     1   2  2  

Last Minutes Offensive
   Center                   Left Wing                Right Wing               Defense                  Defense                  
   Scott Laughton           Nicolas Kerdiles         Joel Armia               Josh Morrissey           T.J Brodie               

Last Minutes Defensive
   Center                   Left Wing                Right Wing               Defense                  Defense                  
   Markus Granlund          Nicolas Kerdiles         Joel Armia               Josh Morrissey           T.J Brodie               

Goaltenders
Starting : Tristan Jarry            
Backup : Felix Sanstrom           

Extra Forwards
Normal : Blake Geoffrion, Joel Armia, Nicolas Deslauriers - PP : Blake Geoffrion, Kasper Bjorkqvist - PK : Markus Granlund
Extra Defensemen
Normal : Mattias Backman, Carl Dahlstrom, Olli Juolevi - PP : Mattias Backman - PK : Mattias Backman, Carl Dahlstrom
Penalty Shots
Scott Laughton, Nicolas Kerdiles, Markus Granlund, Joel Armia, Blake Geoffrion

Scratches
Adam Almquist (Healthy), Alexandre Mallet (Healthy), Chris Lawrence (Healthy), Filip Chlapik (Healthy), Josh Wesley (Healthy)
Mark MacMillan (Healthy), Riley Barber (Healthy), Ryan Olsen (Healthy), Sergei Zborovskiy (Healthy), Stanislav Galiev (Healthy)
Trevor Van Riemsdyk (Healthy), Troy Bourke (Healthy), Carsen Twarynski (Healthy), Libor Hajek (Healthy), Linus Ullmark (Healthy)

% Time on Ice - Marlies

Lines # - Real PCT - Wanted PCT - Time Play
Normal Forward
1 - 32% - 40% - 14:47
2 - 26% - 30% - 12:13
3 - 22% - 20% - 10:13
4 - 20% - 10% - 9:17
Normal Defense
1 - 35% - 40% - 16:13
2 - 29% - 30% - 13:30
3 - 23% - 20% - 10:30
4 - 14% - 10% - 6:17
PP Forward
1 - 59% - 60% - 3:39
2 - 41% - 40% - 2:34
PP Defense
1 - 69% - 60% - 4:19
2 - 31% - 40% - 1:54
PK Forward
1 - 77% - 60% - 5:38
2 - 23% - 40% - 1:39
PK Defense
1 - 54% - 60% - 3:58
2 - 46% - 40% - 3:19
PK3 Forward
1 - 0% - 60%
2 - 0% - 40%
PK3 Defense
1 - 0% - 60%
2 - 0% - 40%
44 Forward
1 - 0% - 60%
2 - 0% - 40%
44 Defense
1 - 0% - 60%
2 - 0% - 40%
Last Minute Offensive  - 0:00
Last Minute Defensive  - 0:00
Total
Forward - 60:00
Defense - 60:00

% Time on Ice - Admirals

Lines # - Real PCT - Wanted PCT - Time Play
Normal Forward
1 - 30% - 40% - 14:09
2 - 27% - 30% - 12:31
3 - 25% - 20% - 11:35
4 - 18% - 10% - 8:15
Normal Defense
1 - 39% - 40% - 18:02
2 - 30% - 30% - 14:03
3 - 20% - 20% - 9:21
4 - 11% - 10% - 5:04
PP Forward
1 - 64% - 60% - 4:41
2 - 36% - 40% - 2:36
PP Defense
1 - 53% - 60% - 3:52
2 - 47% - 40% - 3:25
PK Forward
1 - 83% - 60% - 5:11
2 - 17% - 40% - 1:02
PK Defense
1 - 58% - 60% - 3:38
2 - 42% - 40% - 2:35
PK3 Forward
1 - 0% - 60%
2 - 0% - 40%
PK3 Defense
1 - 0% - 60%
2 - 0% - 40%
44 Forward
1 - 0% - 60%
2 - 0% - 40%
44 Defense
1 - 0% - 60%
2 - 0% - 40%
Last Minute Offensive  - 0:00
Last Minute Defensive  - 0:00
Total
Forward - 60:00
Defense - 60:00

Play-by-Play

1st period


0:01 of 1st period - Scott Laughton wins face-off versus Pavel Zacha in neutral zone.
0:32 of 1st period - Slapshot by JT Compher.
0:32 of 1st period - Stopped by Tristan Jarry with a rebound.
0:55 of 1st period - Brett Pesce is hit by Kasper Bjorkqvist and loses puck.
1:53 of 1st period - Snap shot by Colton Sissons.
1:53 of 1st period - Goal by Colton Sissons - Marlies : 1 - Admirals : 0.
1:54 of 1st period - Scott Laughton wins face-off versus Colton Sissons in neutral zone.
2:03 of 1st period - Slapshot by Scott Laughton.
2:03 of 1st period - Shot Misses the Net.
2:19 of 1st period - Christian Djoos is hit by Nicholas Baptiste.
2:25 of 1st period - Brycen Martin is hit by Joel Armia and loses puck.
3:07 of 1st period - Snap shot by Brett Pesce.
3:07 of 1st period - Stopped by Tristan Jarry with a rebound.
3:25 of 1st period - Snap shot by Blake Geoffrion.
3:25 of 1st period - Shot Blocked by Brett Pesce.
3:31 of 1st period - Snap shot by Blake Geoffrion.
3:31 of 1st period - Shot Blocked by Lucas Carlsson.
3:41 of 1st period - T.J Brodie is hit by Tyler Benson and loses puck.
3:56 of 1st period - Andreas Englund is hit by Pavel Zacha and loses puck.
4:56 of 1st period - Freddie Hamilton is hit by Tyler Benson and loses puck.
5:09 of 1st period - Wrist shot by Hunter Shinkaruk.
5:09 of 1st period - Stopped by Charlie Lindgren with a rebound.
5:11 of 1st period - Snap shot by Lucas Wallmark.
5:11 of 1st period - Shot Blocked by Colton Sissons.
5:13 of 1st period - Slapshot by T.J Brodie.
5:13 of 1st period - Deflect By Jeff Corbett.
5:13 of 1st period - Stopped by Charlie Lindgren with a rebound.
5:15 of 1st period - Slapshot by T.J Brodie.
5:15 of 1st period - Shot Misses the Net.
5:17 of 1st period - Wrist shot by Kasper Bjorkqvist.
5:17 of 1st period - Shot Blocked by Tim Erixon.
5:31 of 1st period - Snap shot by Scott Laughton.
5:31 of 1st period - Shot Blocked by Jeff Corbett.
5:43 of 1st period - Snap shot by Linden Vey.
5:43 of 1st period - Shot Blocked by Markus Granlund.
6:13 of 1st period - Slapshot by Kasper Bjorkqvist.
6:13 of 1st period - Stopped by Charlie Lindgren without a rebound.
6:14 of 1st period - Lucas Wallmark wins face-off versus Zack MacEwen in Marlies zone.
6:32 of 1st period - Minor Penalty to Henri Ikonen for Elbowing.
6:33 of 1st period - Scott Laughton wins face-off versus Colton Sissons in Marlies zone.
7:07 of 1st period - Snap shot by Blake Geoffrion.
7:07 of 1st period - Shot Misses the Net.
7:09 of 1st period - Slapshot by Josh Morrissey.
7:09 of 1st period - Stopped by Charlie Lindgren without a rebound.
7:10 of 1st period - Pavel Zacha wins face-off versus Scott Laughton in Marlies zone.
7:19 of 1st period - Snap shot by Scott Laughton.
7:19 of 1st period - Stopped by Charlie Lindgren without a rebound.
7:20 of 1st period - Colton Sissons wins face-off versus Scott Laughton in Marlies zone.
7:53 of 1st period - Snap shot by Nicolas Kerdiles.
7:53 of 1st period - Shot Misses the Net.
7:55 of 1st period - Slapshot by T.J Brodie.
7:55 of 1st period - Shot Misses the Net.
8:31 of 1st period - Slapshot by Nicolas Kerdiles.
8:31 of 1st period - Shot Misses the Net.
8:32 of 1st period - Penalty to Henri Ikonen is over, Henri Ikonen is back on ice.
8:33 of 1st period - Wrist shot by Nicolas Kerdiles.
8:33 of 1st period - Deflect By Scott Laughton.
8:33 of 1st period - Shot Blocked by Brett Pesce.
8:33 of 1st period - Puck is out of play.
8:34 of 1st period - Lucas Wallmark wins face-off versus Pavel Zacha in Marlies zone.
8:43 of 1st period - Slapshot by Travis Dermott.
8:43 of 1st period - Deflect By Nicolas Deslauriers.
8:43 of 1st period - Stopped by Charlie Lindgren without a rebound.
8:44 of 1st period - Lucas Wallmark wins face-off versus Pavel Zacha in Marlies zone.
8:47 of 1st period - Snap shot by Nicolas Deslauriers.
8:47 of 1st period - Stopped by Charlie Lindgren without a rebound.
8:48 of 1st period - Pavel Zacha wins face-off versus Lucas Wallmark in Marlies zone.
9:13 of 1st period - Josh Morrissey is hit by Zack MacEwen and loses puck.
9:38 of 1st period - Wrist shot by Colton Sissons.
9:38 of 1st period - Shot Misses the Net.
10:07 of 1st period - Slapshot by Linden Vey.
10:07 of 1st period - Deflect By Lucas Wallmark.
10:07 of 1st period - Shot Hit the Post.
10:07 of 1st period - Puck is out of play.
10:08 of 1st period - Pavel Zacha wins face-off versus Lucas Wallmark in Admirals zone.
10:35 of 1st period - Mattias Backman is hit by Linden Vey and loses puck.
12:46 of 1st period - Snap shot by JT Compher.
12:46 of 1st period - Shot Misses the Net.
13:42 of 1st period - Olli Juolevi is hit by Shane Prince and loses puck.
13:53 of 1st period - Backhand shot by Colton Sissons.
13:53 of 1st period - Stopped by Tristan Jarry without a rebound.
13:54 of 1st period - Pavel Zacha wins face-off versus Scott Laughton in Admirals zone.
14:07 of 1st period - Slapshot by Pavel Zacha.
14:07 of 1st period - Stopped by Tristan Jarry without a rebound.
14:08 of 1st period - Shane Prince wins face-off versus Scott Laughton in Admirals zone.
14:09 of 1st period - Wrist shot by JT Compher.
14:09 of 1st period - Stopped by Tristan Jarry without a rebound.
14:10 of 1st period - Scott Laughton wins face-off versus Colton Sissons in Admirals zone.
14:23 of 1st period - Snap shot by JT Compher.
14:23 of 1st period - Shot Blocked by Josh Morrissey.
14:25 of 1st period - Snap shot by Colton Sissons.
14:25 of 1st period - Deflect By Shane Prince.
14:25 of 1st period - Shot Blocked by Scott Laughton.
14:25 of 1st period - Puck is out of play.
14:26 of 1st period - Markus Granlund wins face-off versus Pavel Zacha in Admirals zone.
14:26 of 1st period - Markus Granlund is hit by Nicholas Baptiste.
14:34 of 1st period - Slapshot by Nicholas Baptiste.
14:34 of 1st period - Shot Misses the Net.
14:36 of 1st period - Snap shot by Nicholas Baptiste.
14:36 of 1st period - Stopped by Tristan Jarry with a rebound.
15:16 of 1st period - Snap shot by Linden Vey.
15:16 of 1st period - Shot Misses the Net.
15:18 of 1st period - Slapshot by Haydn Fleury.
15:18 of 1st period - Stopped by Tristan Jarry with a rebound.
15:58 of 1st period - Snap shot by Pavel Zacha.
15:58 of 1st period - Stopped by Tristan Jarry without a rebound.
15:59 of 1st period - Markus Granlund wins face-off versus Tyler Benson in Admirals zone.
16:59 of 1st period - Snap shot by Kasper Bjorkqvist.
16:59 of 1st period - Shot Misses the Net.
18:15 of 1st period - Off-side.
18:16 of 1st period - Markus Granlund wins face-off versus Pavel Zacha in neutral zone.
18:26 of 1st period - Minor Penalty to Tyler Benson for Hooking.
18:27 of 1st period - Scott Laughton wins face-off versus Colton Sissons in Marlies zone.
19:48 of 1st period - Mattias Backman is hit by Pavel Zacha and loses puck.
Goals for this period are 1 for Marlies vs 0 for Admirals.
Shots for this period are 9 for Marlies vs 7 for Admirals.

2nd period


0:01 of 2nd period - Colton Sissons wins face-off versus Scott Laughton in neutral zone.
0:16 of 2nd period - Snap shot by Linden Vey.
0:16 of 2nd period - Shot Blocked by Nicolas Kerdiles.
0:26 of 2nd period - Penalty to Tyler Benson is over, Tyler Benson is back on ice.
0:38 of 2nd period - Wrist shot by Markus Granlund.
0:38 of 2nd period - Shot Misses the Net.
0:52 of 2nd period - Wrist shot by Mathieu Olivier.
0:52 of 2nd period - Deflect By Henri Ikonen.
0:52 of 2nd period - Goal by Henri Ikonen - Marlies : 2 - Admirals : 0.
0:53 of 2nd period - Pavel Zacha wins face-off versus Scott Laughton in neutral zone.
1:26 of 2nd period - Travis Dermott is hit by JT Compher.
1:48 of 2nd period - Wrist shot by Nicolas Deslauriers.
1:48 of 2nd period - Deflect By Neal Pionk.
1:48 of 2nd period - Shot Misses the Net.
1:48 of 2nd period - Puck is out of play.
1:49 of 2nd period - Tyler Benson wins face-off versus Scott Laughton in Marlies zone.
1:54 of 2nd period - Snap shot by Scott Laughton.
1:54 of 2nd period - Shot Misses the Net.
1:56 of 2nd period - Minor Penalty to Nicholas Baptiste for High sticking.
1:57 of 2nd period - Colton Sissons wins face-off versus Scott Laughton in Marlies zone.
2:10 of 2nd period - Wrist shot by Linden Vey.
2:10 of 2nd period - Stopped by Tristan Jarry with a rebound.
2:22 of 2nd period - Tim Erixon is hit by Blake Geoffrion.
2:25 of 2nd period - Off-side.
2:26 of 2nd period - Pavel Zacha wins face-off versus Markus Granlund in neutral zone.
2:39 of 2nd period - Snap shot by Blake Geoffrion.
2:39 of 2nd period - Shot Misses the Net.
2:41 of 2nd period - Wrist shot by Blake Geoffrion.
2:41 of 2nd period - Deflect By Mark McNeill.
2:41 of 2nd period - Shot Blocked by JT Compher.
2:41 of 2nd period - Puck is out of play.
2:42 of 2nd period - Scott Laughton wins face-off versus Colton Sissons in Marlies zone.
2:45 of 2nd period - Slapshot by Scott Laughton.
2:45 of 2nd period - Shot Blocked by Linden Vey.
2:47 of 2nd period - Slapshot by Travis Dermott.
2:47 of 2nd period - Deflect By Colton Sissons.
2:47 of 2nd period - Stopped by Charlie Lindgren with a rebound.
3:09 of 2nd period - Haydn Fleury is hit by Markus Granlund and loses puck.
3:16 of 2nd period - Wrist shot by Blake Geoffrion.
3:16 of 2nd period - Goal by Blake Geoffrion - Marlies : 2 - Admirals : 1.
3:17 of 2nd period - Pavel Zacha wins face-off versus Scott Laughton in neutral zone.
3:51 of 2nd period - Wrist shot by Joel Armia.
3:51 of 2nd period - Stopped by Charlie Lindgren without a rebound.
3:52 of 2nd period - Nicolas Kerdiles wins face-off versus Pavel Zacha in Marlies zone.
4:29 of 2nd period - Kasper Bjorkqvist is hit by Lucas Carlsson and loses puck.
5:03 of 2nd period - Icing by Brett Pesce.
5:04 of 2nd period - Markus Granlund wins face-off versus Colton Sissons in Marlies zone.
5:58 of 2nd period - Minor Penalty to Andreas Englund for Holding.
5:59 of 2nd period - Pavel Zacha wins face-off versus Mark McNeill in Admirals zone.
6:01 of 2nd period - Snap shot by Nicholas Baptiste.
6:01 of 2nd period - Shot Misses the Net.
6:03 of 2nd period - Slapshot by Brett Pesce.
6:03 of 2nd period - Shot Misses the Net.
6:05 of 2nd period - Wrist shot by Nicholas Baptiste.
6:05 of 2nd period - Shot Blocked by Josh Morrissey.
6:07 of 2nd period - Snap shot by Nicholas Baptiste.
6:07 of 2nd period - Deflect By Josh Morrissey.
6:07 of 2nd period - Shot Misses the Net.
6:07 of 2nd period - Puck is out of play.
6:08 of 2nd period - Mark McNeill wins face-off versus Pavel Zacha in Admirals zone.
6:54 of 2nd period - Wrist shot by Nicolas Deslauriers.
6:54 of 2nd period - Stopped by Charlie Lindgren with a rebound.
7:06 of 2nd period - JT Compher is hit by Carl Dahlstrom and loses puck.
7:58 of 2nd period - Penalty to Andreas Englund is over, Andreas Englund is back on ice.
8:33 of 2nd period - Snap shot by Brett Connolly.
8:33 of 2nd period - Shot Misses the Net.
8:49 of 2nd period - Slapshot by Travis Dermott.
8:49 of 2nd period - Shot Blocked by JT Compher.
8:59 of 2nd period - Mathieu Olivier is hit by Josh Morrissey and loses puck.
9:04 of 2nd period - Wrist shot by Kasper Bjorkqvist.
9:04 of 2nd period - Shot Misses the Net.
9:27 of 2nd period - Johan Larsson is hit by Freddie Hamilton and loses puck.
9:34 of 2nd period - Freddie Hamilton is hit by Johan Larsson and loses puck.
9:47 of 2nd period - Tyler Benson is hit by Andreas Englund and loses puck.
11:05 of 2nd period - Brett Pesce is hit by Brett Connolly and loses puck.
11:39 of 2nd period - Slapshot by Mark McNeill.
11:39 of 2nd period - Shot Blocked by Lucas Carlsson.
11:45 of 2nd period - Snap shot by Nicolas Kerdiles.
11:45 of 2nd period - Stopped by Charlie Lindgren with a rebound.
12:00 of 2nd period - Linden Vey is hit by Nicolas Deslauriers and loses puck.
12:46 of 2nd period - Snap shot by Nicolas Kerdiles.
12:46 of 2nd period - Shot Misses the Net.
12:48 of 2nd period - Slapshot by Travis Dermott.
12:48 of 2nd period - Stopped by Charlie Lindgren without a rebound.
12:49 of 2nd period - Markus Granlund wins face-off versus Colton Sissons in Marlies zone.
12:52 of 2nd period - Slapshot by Joel Armia.
12:52 of 2nd period - Shot Misses the Net.
12:54 of 2nd period - Minor Penalty to Colton Sissons for Unsportsmanlike conduct.
12:55 of 2nd period - Nicolas Kerdiles wins face-off versus Otto Koivula in Marlies zone.
13:01 of 2nd period - Snap shot by Joel Armia.
13:01 of 2nd period - Stopped by Charlie Lindgren with a rebound.
14:54 of 2nd period - Penalty to Colton Sissons is over, Colton Sissons is back on ice.
15:06 of 2nd period - Icing by Josh Morrissey.
15:07 of 2nd period - Lucas Wallmark wins face-off versus Colton Sissons in Admirals zone.
15:46 of 2nd period - Tim Erixon is hit by Mattias Backman and loses puck.
16:07 of 2nd period - Wrist shot by Johan Larsson.
16:07 of 2nd period - Shot Misses the Net.
16:22 of 2nd period - Minor Penalty to Nicolas Kerdiles for High sticking.
16:23 of 2nd period - Pavel Zacha wins face-off versus Mark McNeill in Admirals zone.
16:26 of 2nd period - Wrist shot by Pavel Zacha.
16:26 of 2nd period - Deflect By Andreas Englund.
16:26 of 2nd period - Shot Misses the Net.
16:26 of 2nd period - Puck is out of play.
16:27 of 2nd period - Shane Prince wins face-off versus Mark McNeill in Admirals zone.
18:22 of 2nd period - Penalty to Nicolas Kerdiles is over, Nicolas Kerdiles is back on ice.
18:36 of 2nd period - Slapshot by T.J Brodie.
18:36 of 2nd period - Stopped by Charlie Lindgren with a rebound.
18:38 of 2nd period - Backhand shot by Nicolas Deslauriers.
18:38 of 2nd period - Stopped by Charlie Lindgren with a rebound.
18:40 of 2nd period - Slapshot by Josh Morrissey.
18:40 of 2nd period - Shot Hit the Post.
18:52 of 2nd period - Scott Laughton is hit by Linden Vey and loses puck.
19:43 of 2nd period - Hunter Shinkaruk is hit by Haydn Fleury and loses puck.
19:50 of 2nd period - Slapshot by Carl Dahlstrom.
19:50 of 2nd period - Stopped by Charlie Lindgren without a rebound.
19:51 of 2nd period - Markus Granlund wins face-off versus Zack MacEwen in Marlies zone.
19:52 of 2nd period - Snap shot by Blake Geoffrion.
19:52 of 2nd period - Shot Blocked by Brett Pesce.
19:54 of 2nd period - Wrist shot by Mattias Backman.
19:54 of 2nd period - Stopped by Charlie Lindgren with a rebound.
Goals for this period are 1 for Marlies vs 1 for Admirals.
Shots for this period are 2 for Marlies vs 11 for Admirals.

3rd period


0:01 of 3rd period - Nicholas Baptiste wins face-off versus Scott Laughton in neutral zone.
0:30 of 3rd period - Snap shot by Nicolas Deslauriers.
0:30 of 3rd period - Shot Misses the Net.
0:36 of 3rd period - Backhand shot by Neal Pionk.
0:36 of 3rd period - Shot Blocked by Travis Dermott.
0:38 of 3rd period - Slapshot by Neal Pionk.
0:38 of 3rd period - Stopped by Tristan Jarry without a rebound.
0:39 of 3rd period - Markus Granlund wins face-off versus Colton Sissons in Admirals zone.
0:46 of 3rd period - Slapshot by T.J Brodie.
0:46 of 3rd period - Deflect By Blake Geoffrion.
0:46 of 3rd period - Stopped by Charlie Lindgren without a rebound.
0:47 of 3rd period - Shane Prince wins face-off versus Markus Granlund in Marlies zone.
1:30 of 3rd period - Snap shot by Blake Geoffrion.
1:30 of 3rd period - Shot Blocked by Brett Pesce.
2:06 of 3rd period - Snap shot by JT Compher.
2:06 of 3rd period - Deflect By Colton Sissons.
2:06 of 3rd period - Stopped by Tristan Jarry without a rebound.
2:07 of 3rd period - Scott Laughton wins face-off versus Pavel Zacha in Admirals zone.
2:14 of 3rd period - Snap shot by Nicolas Kerdiles.
2:14 of 3rd period - Shot Misses the Net.
2:39 of 3rd period - Nicolas Deslauriers is hit by Haydn Fleury and loses puck.
3:43 of 3rd period - Carl Dahlstrom is hit by Neal Pionk and loses puck.
3:59 of 3rd period - Nicolas Deslauriers is hit by Haydn Fleury.
4:56 of 3rd period - Off-side.
4:57 of 3rd period - Freddie Hamilton wins face-off versus Colton Sissons in neutral zone.
5:02 of 3rd period - Snap shot by Andreas Englund.
5:02 of 3rd period - Stopped by Charlie Lindgren with a rebound.
5:20 of 3rd period - Pavel Zacha is hit by T.J Brodie and loses puck.
6:07 of 3rd period - Slapshot by JT Compher.
6:07 of 3rd period - Goal by JT Compher - Marlies : 3 - Admirals : 1.
6:08 of 3rd period - Scott Laughton wins face-off versus Pavel Zacha in neutral zone.
6:59 of 3rd period - Aleksi Saarela is hit by Hunter Shinkaruk and loses puck.
7:27 of 3rd period - Minor Penalty to Kasper Bjorkqvist for Holding Stick.
7:28 of 3rd period - Nicolas Kerdiles wins face-off versus Pavel Zacha in Admirals zone.
7:37 of 3rd period - Snap shot by Neal Pionk.
7:37 of 3rd period - Shot Misses the Net.
7:39 of 3rd period - Slapshot by Shane Prince.
7:39 of 3rd period - Shot Misses the Net.
7:41 of 3rd period - Snap shot by Nicholas Baptiste.
7:41 of 3rd period - Shot Misses the Net.
7:43 of 3rd period - Slapshot by Neal Pionk.
7:43 of 3rd period - Goal by Neal Pionk - Marlies : 4 - Admirals : 1.
7:43 of 3rd period - Felix Sanstrom enters game.
7:44 of 3rd period - Scott Laughton wins face-off versus Pavel Zacha in neutral zone.
7:51 of 3rd period - Slapshot by Haydn Fleury.
7:51 of 3rd period - Stopped by Felix Sanstrom with a rebound.
7:53 of 3rd period - Slapshot by Neal Pionk.
7:53 of 3rd period - Stopped by Felix Sanstrom with a rebound.
7:55 of 3rd period - Snap shot by Pavel Zacha.
7:55 of 3rd period - Stopped by Felix Sanstrom with a rebound.
7:57 of 3rd period - Backhand shot by Pavel Zacha.
7:57 of 3rd period - Shot Misses the Net.
7:59 of 3rd period - Snap shot by Pavel Zacha.
7:59 of 3rd period - Stopped by Felix Sanstrom without a rebound.
8:00 of 3rd period - Colton Sissons wins face-off versus Markus Granlund in Admirals zone.
8:25 of 3rd period - Pavel Zacha is hit by Kasper Bjorkqvist and loses puck.
8:36 of 3rd period - Snap shot by Pavel Zacha.
8:36 of 3rd period - Stopped by Felix Sanstrom without a rebound.
8:37 of 3rd period - Pavel Zacha wins face-off versus Scott Laughton in Admirals zone.
8:48 of 3rd period - Wrist shot by Nicholas Baptiste.
8:48 of 3rd period - Deflect By Nicolas Kerdiles.
8:48 of 3rd period - Stopped by Felix Sanstrom with a rebound.
9:00 of 3rd period - Brett Pesce is hit by Blake Geoffrion.
9:04 of 3rd period - Slapshot by Neal Pionk.
9:04 of 3rd period - Shot Misses the Net.
9:08 of 3rd period - Wrist shot by JT Compher.
9:08 of 3rd period - Shot Misses the Net.
9:10 of 3rd period - Snap shot by Colton Sissons.
9:10 of 3rd period - Shot Misses the Net.
10:30 of 3rd period - Wrist shot by Colton Sissons.
10:30 of 3rd period - Stopped by Felix Sanstrom with a rebound.
11:06 of 3rd period - Johan Larsson is hit by Nicolas Kerdiles and loses puck.
11:12 of 3rd period - Icing by Jeff Corbett.
11:13 of 3rd period - Markus Granlund wins face-off versus Aleksi Saarela in Marlies zone.
11:14 of 3rd period - Wrist shot by Blake Geoffrion.
11:14 of 3rd period - Shot Blocked by Tim Erixon.
11:16 of 3rd period - Slapshot by Josh Morrissey.
11:16 of 3rd period - Stopped by Charlie Lindgren without a rebound.
11:17 of 3rd period - Pavel Zacha wins face-off versus Markus Granlund in Marlies zone.
11:23 of 3rd period - Off-side.
11:24 of 3rd period - Pavel Zacha wins face-off versus Scott Laughton in neutral zone.
11:29 of 3rd period - Wrist shot by Nicholas Baptiste.
11:29 of 3rd period - Deflect By Tyler Benson.
11:29 of 3rd period - Shot Misses the Net.
11:29 of 3rd period - Puck is out of play.
11:30 of 3rd period - Scott Laughton wins face-off versus Pavel Zacha in Admirals zone.
12:08 of 3rd period - Colton Sissons is hit by Nicolas Kerdiles and loses puck.
12:19 of 3rd period - Wrist shot by Scott Laughton.
12:19 of 3rd period - Shot Misses the Net.
12:21 of 3rd period - Snap shot by Mark McNeill.
12:21 of 3rd period - Stopped by Charlie Lindgren without a rebound.
12:22 of 3rd period - Markus Granlund wins face-off versus Pavel Zacha in Marlies zone.
12:25 of 3rd period - Wrist shot by Joel Armia.
12:25 of 3rd period - Stopped by Charlie Lindgren without a rebound.
12:26 of 3rd period - Markus Granlund wins face-off versus Pavel Zacha in Marlies zone.
12:39 of 3rd period - Wrist shot by Nicholas Baptiste.
12:39 of 3rd period - Stopped by Felix Sanstrom with a rebound.
12:41 of 3rd period - Wrist shot by Pavel Zacha.
12:41 of 3rd period - Shot Misses the Net.
13:20 of 3rd period - Snap shot by Neal Pionk.
13:20 of 3rd period - Stopped by Felix Sanstrom with a rebound.
13:22 of 3rd period - Snap shot by Henri Ikonen.
13:22 of 3rd period - Stopped by Felix Sanstrom without a rebound.
13:23 of 3rd period - Scott Laughton wins face-off versus Nicholas Baptiste in Admirals zone.
13:48 of 3rd period - Josh Morrissey is hit by Haydn Fleury.
14:01 of 3rd period - Snap shot by JT Compher.
14:01 of 3rd period - Shot Blocked by Blake Geoffrion.
14:11 of 3rd period - Linden Vey is hit by Travis Dermott and loses puck.
14:30 of 3rd period - Wrist shot by Nicolas Deslauriers.
14:30 of 3rd period - Stopped by Charlie Lindgren with a rebound.
15:58 of 3rd period - Tyler Benson is hit by Mark McNeill and loses puck.
16:12 of 3rd period - Minor Penalty to Blake Geoffrion for Hooking.
16:13 of 3rd period - Mark McNeill wins face-off versus Pavel Zacha in Admirals zone.
16:17 of 3rd period - Backhand shot by Nicholas Baptiste.
16:17 of 3rd period - Stopped by Felix Sanstrom without a rebound.
16:18 of 3rd period - Pavel Zacha wins face-off versus Mark McNeill in Admirals zone.
16:25 of 3rd period - Slapshot by Neal Pionk.
16:25 of 3rd period - Shot Misses the Net.
16:37 of 3rd period - T.J Brodie is hit by Nicholas Baptiste and loses puck.
18:12 of 3rd period - Penalty to Blake Geoffrion is over, Blake Geoffrion is back on ice.
19:50 of 3rd period - Henri Ikonen is hit by Josh Morrissey and loses puck.
Goals for this period are 2 for Marlies vs 0 for Admirals.
Shots for this period are 15 for Marlies vs 6 for Admirals.